Map: Ice and Chrome LE

Players

karkoss - Winner!

  • Race: Protoss Protoss
  • League: Diamond
  • Spawn Location: 1:00

Slaight

  • Race: Protoss Protoss
  • League: Platinum
  • Spawn Location: 7:00

VOD

Have the link to the VOD?

Description

Time

  • Played on: Aug. 18, 2020, 2:38 p.m.
  • Length: 5:03
Show
View Real Time Build Order
Export as new Build Order

karkoss Protoss - Winner!

Build Orders:  

Get SALT Encoding   

  12  0:01  Probe  
  13  0:13  Probe  
  14  0:19  Pylon  
  14  0:25  Probe  
  15  0:37  Probe (Chrono Boost)  
  16  0:46  Probe (Chrono Boost)  
  17  0:51  Probe (Chrono Boost)  
  18  1:03  Probe  
  19  1:08  Nexus  
  19  1:15  Probe  
  20  1:20  Gateway  
  20  1:28  Gateway  
  20  1:31  Probe  
  21  1:37  Assimilator  
  21  1:43  Probe  
  21  1:45  Assimilator  
  22  1:55  Probe  
  23  2:03  Pylon  
  23  2:09  Cybernetics Core  
  23  2:19  Probe  
  23  2:22  Probe  
  25  2:31  Probe  
  25  2:34  Probe  
  27  2:43  Probe  
  28  2:44  Stalker x2 (Chrono Boost)  
  28  2:45  Warp Gate  
  28  2:46  Probe  
  33  2:56  Probe  
  33  2:58  Probe  
  35  3:08  Stalker x2, Probe  
  35  3:10  Probe  
  41  3:17  Assimilator  
  41  3:18  Assimilator  
  41  3:20  Pylon, Probe  
  41  3:22  Probe  
  43  3:27  Pylon  
  43  3:34  Probe  
  43  3:38  Stalker x2  
  44  3:57  Probe x2  
  42  4:09  Probe x2  
  36  4:30  Probe x2  
  38  4:42  Probe x2  
  38  4:43  Robotics Facility  
  38  4:44  Gateway  
  40  4:46  Gateway  
Show
View Real Time Build Order
Export as new Build Order

Slaight Protoss 

Build Orders:  

Get SALT Encoding   

  12  0:01  Probe  
  13  0:13  Probe  
  14  0:18  Pylon  
  14  0:25  Probe  
  15  0:37  Gateway  
  15  0:39  Probe (Chrono Boost)  
  17  0:51  Probe (Chrono Boost)  
  17  0:57  Probe (Chrono Boost)  
  18  1:14  Probe  
  19  1:29  Gateway  
  19  1:31  Cybernetics Core  
  19  1:43  Probe  
  19  1:46  Assimilator  
  20  1:57  Nexus  
  20  2:16  Assimilator  
  20  2:19  Adept (Chrono Boost)  
  22  2:26  Probe  
  23  2:30  Pylon  
  23  2:41  Pylon  
  23  2:45  Adept (Chrono Boost)  
  23  2:48  Probe  
  26  3:00  Probe  
  26  3:01  Robotics Facility  
  27  3:12  Probe  
  28  3:15  Stalker (Chrono Boost)  
  28  3:19  Probe  
  31  3:22  Stalker (Chrono Boost)  
  31  3:24  Probe  
  34  3:31  Probe  
  35  3:36  Probe  
  36  3:43  Probe  
  31  4:13  Stalker (Chrono Boost)  
  31  4:22  Shield Battery  
  30  4:31  Gateway  
  30  4:33  Stalker (Chrono Boost)  
  30  4:36  Pylon  
  30  4:50  Pylon  
  30  4:54  Pylon  
  30  4:55  Pylon  
  30  5:03  Pylon  
Tags
 
Add a new tag
Caveats
  • Supply blocks, unpowered buildings, or Contaminate may cause inaccurate times.
  • Supply counts are checked every 10 seconds.